 Seeded DCSS version 0.28.0-56-g4927b6849a (webtiles) character file.

Game seed: 3877315361671131789 (custom seed)

494 tkbsonic5 the Skirmisher (level 6, 0/49 HPs)
             Began as a Vampire Fighter on Jan 26, 2023.
             Slain by Robin
             ... wielding a +2 vorpal mace
              (1 damage)
             ... on level 4 of the Dungeon.
             The game lasted 00:08:42 (3030 turns).

tkbsonic5 the Skirmisher (Vampire Fighter)          Turns: 3030, Time: 00:08:43

Health: 0/49       AC: 11    Str: 14 (17) XL:     6   Next: 92%
Magic:  6/6        EV: 10    Int:  9 (10) God:
Gold:   175        SH:  0    Dex: 18 (20) Spells: 5/5 levels left

rFire   + . .      SeeInvis +   d - +3 scythe
rCold   + . .      Faith    .   (shield currently unavailable)
rNeg    + . .      Spirit   .   m - +0 pearl dragon scales
rPois   +          Reflect  .   f - +0 hat
rElec   +          Harm     .   (no cloak)
rCorr   +          Rampage  .   (no gloves)
Will    .....                   (no boots)
Stlth   ..........              (no amulet)
HPRegen 0.36/turn               o - +6 ring of dexterity
MPRegen 0.10/turn               (no ring)

@: resistant, healing quickly, hasted, very quick
A: alive, fangs 3, see invisible, vampiric 2
a: Exsanguinate


You were on level 4 of the Dungeon.
You visited 1 branch of the dungeon, and saw 4 of its levels.

You collected 175 gold pieces.

Inventory:

Hand Weapons
 a - a +0 long sword
 d - a +3 scythe (weapon)
 t - a +1 vampiric dagger
Missiles
 g - 3 poisoned darts
 j - 2 throwing nets
Armour
 b - a +0 scale mail
 c - a +0 buckler
 e - a +0 chain mail
 f - a +0 hat (worn)
 m - +0 pearl dragon scales (worn)
Jewellery
 o - a +6 ring of dexterity (left hand)
Wands
 k - a wand of flame (9) (quivered)
 u - a wand of iceblast (6)
Scrolls
 h - a scroll of magic mapping {unknown}
 p - a scroll of identify {unknown}
 v - a scroll of torment {unknown}
Potions
 i - 2 potions of resistance
 n - a potion of flight {unknown}
 s - a potion of attraction {unknown}


   Skills:
 * Level 4.6 Fighting
 - Level 3.6 Long Blades
 * Level 2.1 Polearms
 - Level 2.4 Armour
 + Level 2.8 Dodging
 + Level 3.9 Shields


You had 5 spell levels left.
You didn't know any spells.
Your spell library contained the following spells:

 Spells                   Type           Power      Damage    Failure   Level
 Confusing Touch          Hex            0%         N/A       100%        3
 Yara's Violent Unravell  Hex/Tmut       0%         3d3       100%        5
 Enfeeble                 Hex            0%         N/A       100%        7


Dungeon Overview and Level Annotations

Branches:
Dungeon (4/15)
 Temple: D:4-7

Altars:

Annotations:
D:4 Robin


Innate Abilities, Weirdness & Mutations

Your natural rate of healing is accelerated.
You have razor-sharp teeth.
You have supernaturally acute eyesight. (SInv)
You are afflicted with vampirism and can become a bat while bloodless.


Message History

Robin roars a battlecry!
The hobgoblin goes into a battle-frenzy!
The hobgoblin closely misses you. Robin barely misses you.
The hobgoblin barely misses you.
You slash Robin!
Robin is severely wounded.
Robin closely misses you. The hobgoblin barely misses you.
Robin hits you but does no damage.
You barely miss the hobgoblin.
You bite the hobgoblin, but do no damage.
The hobgoblin closely misses you. Robin barely misses you.
The hobgoblin barely misses you. Robin hits you but does no damage.
You hit Robin but do no damage.
Robin is heavily wounded.
The hobgoblin misses you. Robin hits you with a +2 vorpal mace!
The hobgoblin closely misses you. Robin hits you with a +2 vorpal mace.
* * * LOW HITPOINT WARNING * * *
x2 You barely miss Robin.
Robin is heavily wounded.
The hobgoblin barely misses you. Robin hits you but does no damage.
The hobgoblin hits you but does no damage.
Robin hits you with a +2 vorpal mace.
* * * LOW HITPOINT WARNING * * *
x2 It was a potion of degeneration.
There was something very wrong with that liquid.
You feel weakened.
You feel dopey.
You feel clumsy. The hobgoblin hits you.
* * * LOW HITPOINT WARNING * * *
Robin barely misses you.
You hit Robin but do no damage.
Robin is heavily wounded.
The hobgoblin closely misses you. Robin hits you but does no damage.
The hobgoblin hits you.
* * * LOW HITPOINT WARNING * * *
Robin hits you with a +2 vorpal mace.
* * * LOW HITPOINT WARNING * * *
x2 It was a potion of haste.
You feel yourself speed up. The hobgoblin barely misses you.
Robin hits you with a +2 vorpal mace.
* * * LOW HITPOINT WARNING * * *
You die...

....##..##...##...##..##..#
..............#######......#
...........................#
.....##..##................#
.....######)...............#
...........................#
... ..........##...##......#
... ........).##(..##......#
.....##.†@##...........#
..... #.gg##...........#
.##. #...##...##..##..# #.
##...##...#########
#....'.....# #....#.)...#
#######.#### ###)# #...#


You could see Robin and a hobgoblin (strong).

Vanquished Creatures
  Grinder (D:3)
  Sigmund (D:2)
  A hound skeleton (D:2)
  3 adders
  A worm (D:2)
  A dart slug (D:1)
  5 endoplasms
  5 giant cockroaches
  11 goblins
  9 hobgoblins
  2 jackals (D:4)
  10 kobolds
  3 quokkas
  12 ball pythons
  8 bats
  4 frilled lizards
  6 rats
83 creatures vanquished.

Vanquished Creatures (others)
  2 plants (D:3)
2 creatures vanquished.

Grand Total: 85 creatures vanquished

Notes
Turn   | Place    | Note
-------+----------+-------------------------------------------
     0 | D:1      | tkbsonic5 the Vampire Fighter began the quest for the Orb.
     0 | D:1      | Reached XP level 1. HP: 17/17 MP: 1/1
    82 | D:1      | Reached XP level 2. HP: 23/23 MP: 2/2
   317 | D:1      | Reached skill level 3 in Fighting
   564 | D:1      | Reached skill level 1 in Dodging
   622 | D:1      | Gained mutation: You are afflicted with vampirism and can
                  | become a bat while bloodless. [Vampire growth]
   622 | D:1      | Reached XP level 3. HP: 29/29 MP: 3/3
   995 | D:2      | Noticed Sigmund
  1024 | D:2      | Killed Sigmund
  1025 | D:2      | Reached XP level 4. HP: 12/37 MP: 4/4
  1025 | D:2      | Reached XP level 5. HP: 14/42 MP: 5/5
  1168 | D:2      | Reached skill level 4 in Fighting
  2352 | D:3      | Noticed Grinder
  2518 | D:3      | Paralysed by Grinder for 5 turns
  2531 | D:3      | Killed Grinder
  2532 | D:3      | Reached XP level 6. HP: 49/49 MP: 6/6
  2663 | D:3      | Found a faded altar of an unknown god.
  2989 | D:4      | Noticed Robin
  3030 | D:4      | HP: 1/49 [Robin/+2 vorpal mace (4)]
  3030 | D:4      | Slain by Robin

Illustrated notes

Levels and vault maps discovered:
D:1:      amcnicky_arrival_double_pillar, layout_basic
D:2:      layout_basic, uniq_sigmund
D:3:      layout_rooms, nicolae_ecumenical_snake_handling, chequers_big_river,
          minmay_close_crescents, uniq_grinder
D:4:      layout_gridville, zin_academy, serial_shops, kennysheep_mini_moat,
          gammafunk_ghost_mausoleum, minmay_cut_off, uniq_duvessa, uniq_robin

Skill      XL: |  1  2  3  4  5 |
---------------+----------------+-----
Fighting       | 3 4 |  4.6
Dodging        | 1 2 |  2.8
Long Blades    | 3 |  3.6
Shields        | 3 |  3.9
Polearms       | 2 |  2.1
Armour         | |  2.4

Action                   |  1- 3 |  4- 6 || total
-------------------------+-------+-------++-------
Melee: Long sword        |    89 |    81 ||   170
       Bite              |     3 |    14 ||    17
       Scythe            |       |    44 ||    44
Throw: Dart              |     3 |       ||     3
Evoke: Wand              |       |     9 ||     9
  Use: Scroll            |     3 |       ||     3
       Potion            |     1 |     4 ||     5
Armor: Chain mail        |    49 |    26 ||    75
       Scale mail        |     2 |       ||     2
       Pearl dragon scal |       |    58 ||    58
Dodge: Dodged            |    28 |    79 ||   107
Block: Buckler           |    17 |    20 ||    37
